 Dungeon Crawl Stone Soup version 0.30.0-19-g36f170ea60 (webtiles) character file.

Game seed: 14058464666815062911

58 Diggabert the Conjurer (level 3, -3/20 HPs)
             Began as a Deep Elf Conjurer on May 27, 2023.
             Slain by a gnoll
             ... wielding a +0 spear
              (4 damage)
             ... on level 2 of the Dungeon.
             The game lasted 00:02:21 (1993 turns).

Diggabert the Conjurer (Deep Elf Conjurer)          Turns: 1993, Time: 00:02:22

Health: -3/20      AC:  5    Str:  4    XL:     3   Next: 76%
Magic:  1/10       EV:  6    Int: 24    God:
Gold:   85         SH:  0    Dex: 13    Spells: 6/9 levels left

rFire   . . .        e - +0 dagger
rCold   . . .        (no shield)
rNeg    . . .        a - +0 robe
rPois   .            (no helmet)
rElec   .            (no cloak)
rCorr   +            o - +2 pair of gloves
SInv    .            (no boots)
Will    .....        j - amulet of reflection
Stlth   ++           m - ring of resist corrosion
HPRegen 0.23/turn    (no ring)
MPRegen 0.12/turn

%: reflection
@: held
A: no striking features
a: no special abilities


You were on level 2 of the Dungeon.
You visited 1 branch of the dungeon, and saw 2 of its levels.

You collected 85 gold pieces.

Inventory:

Hand Weapons
 e - a +0 dagger (weapon)
Armour
 a - a +0 robe (worn)
 o - a +2 pair of gloves (worn)
Jewellery
 j - an amulet of reflection (around neck)
 m - a ring of resist corrosion (left hand)
Scrolls
 c - a scroll of torment {unknown}
 f - a scroll of vulnerability {unknown}
 h - a scroll of fog {unknown}
 i - a scroll of butterflies {unknown}
 k - a scroll of identify {unknown}
 r - a scroll of magic mapping {unknown}
 s - 3 scrolls of poison {unknown}
Potions
 b - 2 potions of magic
 d - a potion of ambrosia {unknown}
 g - a potion of berserk rage {unknown}
 l - 2 potions of degeneration {unknown}
 n - a potion of haste
 p - a potion of heal wounds {unknown}
 q - a potion of curing {unknown}
 t - a potion of might {unknown}


   Skills:
 * Level 0.9 Fighting
 * Level 2.7 Dodging
 - Level 2.4 Stealth
 * Level 3.5 Spellcasting
 * Level 5.4 Conjurations


You had 6 spell levels left.
You knew the following spells:

 Your Spells              Type           Power      Damage    Failure   Level
a - Magic Dart            Conj           100%       1d8       1%          1
b - Searing Ray           Conj           60%        2d6       1%          2

Your spell library contained the following spells:

 Spells                   Type           Power      Damage    Failure   Level
 Dazzling Flash           Conj/Hex       34%        N/A       10%         3
 Stone Arrow              Conj/Erth      34%        3d9       10%         3
 Sandblast                Erth           8%         2d5       11%         1
 Passwall                 Tmut/Erth      3%         N/A       16%         2
 Fulminant Prism          Conj/Hex       8%         3d6       32%         4
 Iskenderun's Mystic Bla  Conj/Tloc      17%        2d5       32%         4


Dungeon Overview and Level Annotations

Branches:
Dungeon (2/15)

Altars:


Message History

Press: ? - help, Shift-Dir - straight line, f - gnoll
Aim: a gnoll, wielding a +0 whip and quivering a throwing net (fast, 82% to hit)
The searing ray hits the gnoll!
The gnoll is severely wounded. (Press . to maintain the ray.)
The searing ray misses the gnoll.
The gnoll throws a throwing net.
The throwing net hits you.
You become entangled in the net!
The searing ray hits the gnoll.
You kill the gnoll!
The searing ray misses the gnoll.
You finish channelling your searing ray.
The gnoll hits you from afar with a +0 spear.
A gnoll comes into view. It is wielding a +0 flail.
Casting: Searing Ray (safe; 1% risk of failure)
Confirm with . or Enter, or press ? or * to list all spells.
Aiming: Searing Ray (safe; 1% risk of failure)
Press: ? - help, Shift-Dir - straight line, f - gnoll
Aim: a gnoll, wielding a +0 spear (82% to hit)
The searing ray hits the gnoll.
The gnoll is moderately wounded. (Press . to maintain the ray.)
The gnoll shouts!
The gnoll hits you from afar with a +0 spear.
The searing ray hits the gnoll.
The gnoll is severely wounded.
The gnoll hits you from afar with a +0 spear.
The searing ray misses the gnoll.
The gnoll hits you from afar with a +0 spear.
Without enough magic to sustain it, your searing ray dissipates.
The gnoll hits you from afar with a +0 spear.
* * * LOW HITPOINT WARNING * * *
Casting: Searing Ray (safe; 1% risk of failure)
Confirm with . or Enter, or press ? or * to list all spells.
You don't have enough magic to cast this spell.
Unknown command.
You don't have enough magic to cast this spell.
Unknown command.
You tear a large gash into the net.
The gnoll hits you from afar with a +0 spear.
You die...

...##.......###.###...######.#.#
...###.......##...........#.###..
........#.#..................# ##
...###..#.#...#...........##.....
...##..†....#.#.###...##### ##.##
#####...#...#..g.........# #.#
#.......# .g.........# #.#
#####....#######.........# ##.##
......##....#...@##...#### . ..
####..###...#.##.......## #.#.
#........#.##........# .##.#.
#......#.^...........###.##...
########.#.#.............####.
#.#..>........##..####.
#.#.........).##.......
##.............#.#####.
#..............#.#####.


You could see 2 gnolls.

Vanquished Creatures
  A gnoll (D:2)
  2 adders (D:2)
  A worm (D:2)
  2 bats (D:1)
  A giant cockroach (D:1)
  2 goblins
  A hobgoblin (D:1)
  4 jackals (D:1)
  A quokka (D:1)
  4 ball pythons
  3 frilled lizards
  3 kobolds
  4 rats
29 creatures vanquished.

Notes
Turn   | Place    | Note
-------+----------+-------------------------------------------
     0 | D:1      | Diggabert the Deep Elf Conjurer began the quest for the
                  | Orb.
     0 | D:1      | Reached XP level 1. HP: 10/10 MP: 6/6
   264 | D:1      | Reached XP level 2. HP: 8/16 MP: 0/8
   275 | D:1      | Learned a level 2 spell: Searing Ray
  1123 | D:1      | Found a faded altar of an unknown god.
  1556 | D:2      | Reached skill level 5 in Conjurations
  1556 | D:2      | Reached XP level 3. HP: 20/20 MP: 5/9
  1992 | D:2      | HP: 1/20 [gnoll/+0 spear (6)]
  1993 | D:2      | Slain by a gnoll

Illustrated notes

Levels and vault maps discovered:
D:1:      dpeg_arrival_circle_labyrinth_c, layout_basic,
          ebering_ecumenical_altar_mist
D:2:      layout_loops_cross, uniq_jessica

Skill      XL: |  1  2 |
---------------+-------+-----
Conjurations   | 5 |  5.4
Fighting       | |  0.9
Dodging        | |  2.7
Stealth        | |  2.4
Spellcasting   | |  3.5

Action                     || total
---------------------------++-------
  Melee: Dagger            ||    13
         Punch             ||     1
   Cast: Magic Dart        ||    40
         Searing Ray       ||     6
 Armour: Robe              ||     3
  Dodge: Dodged            ||    11
